 Dungeon Crawl Stone Soup version 0.25-a0-1024-gbfbf38f2cb (webtiles) character file.

Game seed: 11711007873619559016, levelgen mode: deterministic

701 Flugslaktarn the Chopper (level 7, -3/49 HPs)
             Began as an Octopode Fighter on May 12, 2020.
             Was an Initiate of Cheibriados.
             Slain by an ice beast (14 damage)
             ... on level 4 of the Dungeon.
             The game lasted 00:02:13 (3390 turns).

Flugslaktarn the Chopper (Octopode Fighter)         Turns: 3390, Time: 00:02:14

Health: -3/49      AC:  1    Str: 16    XL:     7   Next: 66%
Magic:  7/7        EV: 13    Int: 12    God:    Cheibriados [......]
Gold:   185        SH:  9    Dex: 14    Spells: 6/6 levels left

rFire    . . .     SeeInvis .   a - +1 war axe
rCold    . . .     Gourm    .   b - +0 kite shield
rNeg     . . .     Faith    .   (helmet restricted)
rPois    .         Spirit   .   c - amulet of the acrobat
rElec    .         Reflect  .   k - ring of resist corrosion
rCorr    +         Harm     .   m - ring of protection from magic
MR       +....                  (no ring)
Stlth    ++........             (no ring)
HPRegen  0.16/turn              (no ring)
MPRegen  0.10/turn              (no ring)
                                (no ring)
                                (no ring)

@: slow
A: almost no armour, stealthy swim, amphibious, 8 rings, constrict 8, camouflage
1, gelatinous body 1
a: Bend Time, Renounce Religion


You were on level 4 of the Dungeon.
You worshipped Cheibriados.
Cheibriados was noncommittal.
You were not hungry.

You visited 1 branch of the dungeon, and saw 5 of its levels.

You collected 185 gold pieces.

Inventory:

Hand Weapons
 a - a +1 war axe (weapon)
Armour
 b - a +0 kite shield (worn)
Jewellery
 c - an amulet of the acrobat (around mantle)
   (You found it on level 1 of the Dungeon)
 k - a ring of resist corrosion (left tentacle)
   (You found it on level 3 of the Dungeon)
 m - a ring of protection from magic (right tentacle)
   (You found it on level 4 of the Dungeon)
Wands
 g - a wand of paralysis (6)
   (You took it off Pikel on level 4 of the Dungeon)
 w - a wand of enslavement (5)
   (You found it on level 4 of the Dungeon)
Scrolls
 i - a scroll of amnesia {unknown}
 t - a scroll of teleportation
 x - a scroll of remove curse
Potions
 d - 2 potions of might
 f - a potion of cancellation
 h - a potion of haste
 j - a potion of curing {unknown}
 o - a potion of flight {unknown}
 p - a potion of stabbing {unknown}
 q - a potion of heal wounds {unknown}
 u - 4 potions of brilliance {unknown}
 v - 2 potions of degeneration {unknown}
Comestibles
 e - 9 rations


   Skills:
 + Level 4.6 Fighting
 * Level 5.5 Axes
 + Level 4.6 Dodging
 + Level 4.7 Shields


You had 6 spell levels left.
You didn't know any spells.
Your spell library contained the following spells:

 Spells                   Type           Power        Failure   Level  Hunger
 Animate Skeleton         Necr           N/A          77%         1    ##.....
 Apportation              Tloc           #.....       77%         1    ##.....
 Corona                   Hex            #......      77%         1    ##.....
 Summon Small Mammal      Summ           #...         77%         1    ##.....
 Ensorcelled Hibernation  Hex/Ice        #.....       88%         2    ###....
 Confusing Touch          Hex            #.......     98%         3    ####...
 Dazzling Flash           Conj/Hex       #.....       98%         3    ####...
 Tukima's Dance           Hex            #.......     98%         3    ####...


Dungeon Overview and Level Annotations

Branches:
Dungeon (5/15)
 Temple: D:4-7

Altars:
Cheibriados
Ru
Uskayaw


Innate Abilities, Weirdness & Mutations

You cannot wear most types of armour.
You are very stealthy in the water. (Stealth+)
You are amphibious.
You can wear up to eight rings at the same time.
You can use your tentacles to constrict eight enemies at once.
Your skin changes colour to match your surroundings (Stealth+).
Your rubbery body absorbs attacks. (AC +1, EV +1)


Message History

Unknown command.
You slash the worker ant! You grab the worker ant.
The worker ant is almost dead.
You closely miss the ice beast. You constrict the worker ant.
You kill the worker ant!
Cheibriados appreciates the change of pace.
The ice beast closely misses you.
You closely miss the ice beast. You block the ice beast's attack.
The ice beast hits you. The ice beast freezes you!
You hit the ice beast but do no damage. The ice beast hits you.
The ice beast freezes you!
You slash the ice beast! Your squeeze misses the ice beast.
The ice beast is moderately wounded.
The ice beast hits you but does no damage.
You hit the ice beast.
The ice beast is moderately wounded.
The ice beast hits you.
* * * LOW HITPOINT WARNING * * *
The ice beast freezes you!
You die...

##.# #..## ##.#
##..# ...######
##.## #.......#
#..##
##.####.########..##
#.#
#.....)......######
#.#
########....>.....#
#.# #..........#
##.#####
#..@.......#
.......#
#...Y......#
##.#####
############ #.#
#.## #..# ##.# #.#
###


You could see an ice beast.

Vanquished Creatures
  Pikel (D:4)
  A slave (D:3)
  A scorpion (D:4)
  A worker ant (D:4)
  8 adders
  3 oozes
  An adder skeleton (D:4)
  3 worms (D:3)
  3 dart slugs
  3 leopard geckos
  5 giant cockroaches
  8 goblins
  6 hobgoblins
  7 jackals (D:3)
  2 quokkas
  4 bats
  7 frilled lizards
  3 kobolds
  A quokka skeleton (D:4)
  7 rats
75 creatures vanquished.

Notes
Turn   | Place    | Note
-------+----------+-------------------------------------------
     0 | D:1      | Flugslaktarn the Octopode Fighter began the quest for the
                  | Orb.
     0 | D:1      | Reached XP level 1. HP: 16/16 MP: 1/1
   304 | D:1      | Reached XP level 2. HP: 21/21 MP: 2/2
   557 | D:1      | Reached XP level 3. HP: 26/26 MP: 3/3
  1210 | D:2      | Reached skill level 3 in Axes
  1514 | D:2      | Reached XP level 4. HP: 31/31 MP: 4/4
  2007 | D:3      | Found a sacrificial altar of Ru.
  2026 | D:3      | Reached XP level 5. HP: 27/36 MP: 5/5
  2560 | D:3      | Found a hide-covered altar of Uskayaw.
  2711 | D:4      | Found a snail-covered altar of Cheibriados.
  2773 | D:4      | Reached skill level 4 in Axes
  2820 | D:4      | Became a worshipper of Cheibriados the Contemplative
  3029 | D:4      | Noticed a slave
  3029 | D:4      | Noticed Pikel
  3031 | D:4      | Noticed a slave
  3031 | D:4      | Noticed a slave
  3049 | D:3      | Killed a slave
  3145 | D:4      | Noticed a slave
  3147 | D:4      | Killed Pikel
  3147 | D:4      | Reached skill level 5 in Axes
  3147 | D:4      | Reached XP level 6. HP: 33/44 MP: 6/6
  3147 | D:4      | Reached XP level 7. HP: 37/49 MP: 7/7
  3382 | D:5      | Entered Level 5 of the Dungeon
  3390 | D:4      | Slain by an ice beast

Illustrated notes

Levels and vault maps discovered:
D:1:      dpeg_arrival_boxorama, layout_basic
D:2:      layout_rooms
D:3:      layout_rooms, lemuel_coloured_pillars_altar, nicolae_ru_path_of_blood,
          first_ration
D:4:      layout_rooms, marbit_many_paths, minmay_crystal_room, uniq_pikel
D:5:      layout_rooms, uniq_duvessa

Skill      XL: |  1  2  3  4  5 |
---------------+----------------+-----
Axes           | 3 5 |  5.5
Fighting       | 4 |  4.6
Dodging        | 4 |  4.6
Shields        | 4 |  4.7

Action                   |  1- 3 |  4- 6 |  7- 9 || total
-------------------------+-------+-------+-------++-------
Melee: War axe           |    48 |    90 |    10 ||   148
       Constrict         |    13 |    27 |     3 ||    43
       Tentacles         |     8 |    17 |     1 ||    26
  Use: Scroll            |       |     8 |       ||     8
 Stab: Sleeping          |    12 |     3 |       ||    15
       Distracted        |       |       |     1 ||     1
  Eat: Chunk             |     2 |     4 |       ||     6
       Ration            |       |     1 |       ||     1
Armor: Skin              |     2 |     3 |     2 ||     7
Dodge: Dodged            |    27 |    59 |     2 ||    88
Block: Kite shield       |    18 |    42 |     5 ||    65

Table legend:
 A = Non-vault XP
 B = Vault XP
 C = Vault XP percentage of total XP
 D = Non-vault monster count
 E = Vault monster count
 F = Vault count percentage of total count
                 A         B        C        D         E       F
            +---------+---------+-------+---------+---------+-------
      Total |     349 |     653 |  65.2 |      72 |       2 |   2.7
            +---------+---------+-------+---------+---------+-------
        D:1 |      51 |       0 |   0.0 |      21 |       0 |   0.0
        D:2 |      67 |       0 |   0.0 |      17 |       0 |   0.0
        D:3 |     108 |       0 |   0.0 |      29 |       0 |   0.0
        D:4 |     123 |     653 |  84.1 |       5 |       2 |  28.6
            +---------+---------+-------+---------+---------+-------
